AoeStats
← AxingQuestions

Arena

509502572Analyzed
4v4 RM · 4d ago on Sep 27, 2026· 36m 6s· 8 players
Game mode
Random Map
Map size
Large (8 player)
Population
200
Speed
Normal
Resources
Standard
Victory
Conquest
Starting age
Dark Age
Ending age
Imperial Age
RankedLock teamsTeams togetherTeam positionsShared explorationLock speedFull tech treeHidden civsTurbo modeCheats
Victory
Defeat
🇪🇨 Celts · Ecuador
1223
+15
🇨🇱 Vietnamese · Chile
1210
+15
🇺🇸 Vikings · United States
1206
+15
🇨🇱 Saxons · Chile
1176
+16
🇺🇸 Byzantines · United States
1266
-18
🇨🇦 Britons · Canada
1223
-17
🇹🇼 Slavs · Taiwan
1209
-16
🇺🇸 Persians · United States
1061
-10
AxingQuestions
7:05 Loom
10:27 Feudal Age
15:12 Castle Age
13:20 Double-Bit Axe
13:20 Horse Collar
16:23 Bow Saw
16:46 Heavy Plow
18:46 Murder Holes
19:08 Fletching
21:37 Elite Skirmisher
22:32 Padded Archer Armor
25:27 Town Watch
28:36 Gold Mining
28:37 Stone Mining
31:30 Fortified Wall
31:25 Town Patrol
35:05 Imperial Age
32:19 Crossbowman
33:40 Bodkin Arrow
34:45 Leather Archer Armor
34:58 Ballistics
36:05 Bracer
36:37 Ring Archer Armor
35:30 Arbalester
35:50 Capped Ram
Yavier
10:06 Feudal Age
15:00 Castle Age
13:25 Stone Mining
14:08 Horse Collar
14:48 Double-Bit Axe
20:14 Fletching
23:36 Bodkin Arrow
27:06 Wheelbarrow
28:13 Ballistics
27:52 Gold Mining
28:39 Stone Shaft Mining
29:24 Bow Saw
30:28 Hand Cart
30:19 Heavy Plow
30:33 Padded Archer Armor
36:40 Imperial Age
34:13 Loom
34:14 Town Watch
35:11 Leather Archer Armor
zhiko
10:33 Feudal Age
14:54 Castle Age
13:19 Double-Bit Axe
15:30 Loom
18:15 Bow Saw
20:25 Fletching
21:54 Bodkin Arrow
23:36 Horse Collar
26:56 Wheelbarrow
30:35 Imperial Age
28:03 Stone Mining
28:03 Gold Mining
29:31 Hand Cart
29:29 Squires
30:41 Forging
30:32 Scale Mail Armor
31:51 Elite Varangian Guard
34:07 Conscription
34:20 Shield Wall
35:48 Chain Mail Armor
36:24 Iron Casting
35:40 Elite Hearth Troop
Prismaevil
8:53 Loom
10:39 Feudal Age
14:49 Castle Age
12:56 Double-Bit Axe
13:05 Horse Collar
16:12 Gold Mining
17:13 Town Watch
18:12 Forging
24:18 Iron Casting
23:32 Pikeman
27:04 Bow Saw
28:52 Padded Archer Armor
28:43 Fletching
29:56 Gambesons
29:32 Man-at-Arms
30:59 Long Swordsman
36:36 Wheelbarrow
Maverick
11:03 Feudal Age
12:18 Loom
16:36 Castle Age
18:35 Double-Bit Axe
25:09 Scale Barding Armor
28:13 Bloodlines
28:44 Forging
29:32 Husbandry
32:58 Chain Barding Armor
33:14 Iron Casting
35:35 Wheelbarrow
34:45 Town Watch
35:13 Bow Saw
34:45 Horse Collar
Coolthulhu36
11:11 Feudal Age
15:02 Castle Age
12:57 Horse Collar
13:28 Double-Bit Axe
15:57 Bow Saw
18:19 Loom
25:08 Wheelbarrow
26:02 Redemption
28:45 Hand Cart
33:54 Imperial Age
Bamboozlator
7:43 Loom
10:19 Feudal Age
14:03 Castle Age
12:32 Double-Bit Axe
19:27 Fletching
メリダ
10:48 Feudal Age
14:26 Castle Age
12:51 Double-Bit Axe
12:51 Horse Collar
15:39 Bow Saw
16:09 Loom
20:57 Wheelbarrow
20:41 Forging
22:05 Gold Mining
22:44 Bloodlines
22:45 Scale Barding Armor
23:05 Heavy Plow
24:52 Stone Mining
26:33 Man-at-Arms
27:22 Scale Mail Armor
27:58 Iron Casting
27:10 Town Watch
28:01 Fortified Wall
28:27 Hand Cart
28:32 Chain Mail Armor
27:40 Long Swordsman
28:21 Squires
29:20 Gold Shaft Mining
29:34 Masonry
33:47 Imperial Age
32:06 Fletching
32:17 Padded Archer Armor
32:41 Ballistics
34:58 Plate Mail Armor
33:50 Two-Handed Swordsman
33:51 Pikeman
34:20 Onager
34:28 Elite Skirmisher
34:57 Champion
36:41 Blast Furnace
35:45 Druzhina
Connection lost

Rejoining the realm…

Still unreachable

The connection could not be restored.

Session expired

The server has moved on; the page needs a fresh start.